 Seeded DCSS version 0.29.0-13-gc9e81de378 (webtiles) character file.

Game seed: 905739011755388624 (custom seed)

155 Iusername the Covered (level 5, -6/41 (46) HPs)
             Began as a Minotaur Fighter on Sept 9, 2022.
             Was a Follower of Makhleb.
             Mangled by a wight
             ... wielding a +0 great sword
              (15 damage)
             ... on level 4 of the Dungeon.
             The game lasted 00:04:36 (4226 turns).

Iusername the Covered (Minotaur Fighter)            Turns: 4226, Time: 00:04:36

HP:   -6/41 (46)    AC: 12    Str: 20    XL:     5   Next: 14%
MP:   4/4           EV:  6    Int:  7    God:    Makhleb [*.....]
Gold: 132           SH:  4    Dex: 10    Spells: 4/4 levels left

rFire   . . .      SeeInvis .   a - +0 long sword
rCold   . . .      Faith    .   c - +0 buckler
rNeg    . . .      Spirit   .   w - +0 plate armour
rPois   .          Reflect  .   (helmet restricted)
rElec   .          Harm     .   (no cloak)
rCorr   .          Rampage  .   (no gloves)
Will    .....                   (no boots)
Stlth   ..........              (no amulet)
HPRegen 0.13/turn               (no ring)
MPRegen 0.09/turn               (no ring)

@: mighty, heavily drained
A: horns 2, retaliatory headbutt
a: Renounce Religion


You were on level 4 of the Dungeon.
You worshipped Makhleb.
Makhleb was aware of your devotion.
You visited 1 branch of the dungeon, and saw 4 of its levels.

You collected 132 gold pieces.

Inventory:

Hand Weapons
 a - a +0 long sword (weapon)
Missiles
 z - 5 javelins (quivered)
Armour
 b - a +0 scale mail
 c - a +0 buckler (worn)
 w - a +0 plate armour (worn)
Jewellery
 f - an amulet of guardian spirit
 n - an amulet of the acrobat
Wands
 p - a wand of mindburst (14)
Scrolls
 h - a scroll of enchant armour {unknown}
 i - 2 scrolls of identify {unknown}
 j - 2 scrolls of fog {unknown}
 l - a scroll of acquirement {unknown}
 o - a scroll of vulnerability {unknown}
 s - a scroll of magic mapping {unknown}
 u - a scroll of poison {unknown}
 y - a scroll of noise {unknown}
 A - a scroll of teleportation {unknown}
Potions
 d - 2 potions of might
 e - 2 potions of lignification {unknown}
 g - a potion of degeneration {unknown}
 k - 3 potions of heal wounds {unknown}
 m - 3 potions of curing {unknown}
 q - a potion of flight {unknown}
 r - a potion of resistance {unknown}
 t - a potion of haste {unknown}
 v - a potion of berserk rage {unknown}
 x - 3 potions of brilliance {unknown}


   Skills:
 + Level 4.2 Fighting
 + Level 4.5 Long Blades
 + Level 4.7 Armour
 + Level 1.1 Dodging
 + Level 4.2 Shields


You had 4 spell levels left.
You didn't know any spells.
Your spell library contained the following spells:

 Spells                   Type           Power      Damage    Failure   Level
 Tukima's Dance           Hex            0%         N/A       100%        3
 Passage of Golubria      Tloc           0%         N/A       100%        4
 Yara's Violent Unravell  Hex/Tmut       0%         3d3       100%        5


Dungeon Overview and Level Annotations

Branches:
Dungeon (4/15)
 Temple: D:4-7

Altars:
Makhleb
Uskayaw


Innate Abilities, Weirdness & Mutations

You have a pair of horns on your head.
You reflexively headbutt those who attack you in melee.


Message History

You barely miss the ball python. Your headbutt misses the ball python.
The ball python bites you but does no damage.
The ball python constricts you.
The ball python bites you but does no damage.
The ball python constricts you.
There are monsters nearby!
The iguana hisses angrily.
You slash the ball python!
You kill the ball python!
Makhleb accepts your kill.
Unknown command.
You slash the wight!
The wight is severely damaged.
The wight hits you with a +0 great sword!
There are monsters nearby!
You hit the wight but do no damage.
The wight is severely damaged.
The wight hits you with a +0 great sword!
You feel drained.
Unknown command.
There are monsters nearby!
You are too injured to fight recklessly!
Unknown command.
There are monsters nearby!
You feel very mighty all of a sudden.
The wight hits you with a +0 great sword.
You feel drained.
A goblin comes into view. It is wielding a +0 club.
A necrophage comes into view.
The wight hits you with a +0 great sword!
* * * LOW HITPOINT WARNING * * *
You feel drained.
* * * LOW HITPOINT WARNING * * *
You see here a ball python corpse.
You barely miss the wight.
The goblin shouts!
Your headbutt misses the wight.
The wight is severely damaged.
The wight hits you with a +0 great sword!
You die...

.....#####..##...........
...............#.........
.........................
.........................
#.....>..#...............
#.....#..#...............
#.......#...............
#..##....#...........##..
. ##.#@z...........####
#n###l....... # #.
#..#... # #. ..# ?. # #
#.g. #. .... .. ..... ..
....


You could see an iguana, a wight and a goblin.

Vanquished Creatures
  A jelly (D:4)
  5 adders
  An ufetubus (D:2)
  A worm (D:3)
  6 endoplasms
  3 giant cockroaches
  3 goblins
  8 hobgoblins
  7 jackals
  8 kobolds
  3 quokkas
  9 ball pythons
  3 bats (D:1)
  4 frilled lizards
  8 rats
70 creatures vanquished.

Notes
Turn   | Place    | Note
-------+----------+-------------------------------------------
     0 | D:1      | Iusername the Minotaur Fighter began the quest for the Orb.
     0 | D:1      | Reached XP level 1. HP: 19/19 MP: 0/0
   880 | D:1      | Reached XP level 2. HP: 25/27 MP: 1/1
  1243 | D:1      | Reached XP level 3. HP: 33/33 MP: 2/2
  2194 | D:3      | Found a hide-covered altar of Uskayaw.
  2194 | D:3      | Found a burning altar of Makhleb.
  2246 | D:3      | Became a worshipper of Makhleb the Destroyer
  2507 | D:3      | Reached skill level 1 in Dodging
  2583 | D:3      | Reached XP level 4. HP: 34/40 MP: 3/3
  3622 | D:4      | Reached XP level 5. HP: 27/46 MP: 4/4
  4084 | D:4      | Reached * piety under Makhleb
  4226 | D:4      | Mangled by a wight

Illustrated notes

Levels and vault maps discovered:
D:1:      spicycebolla_arrival_ecumenical, layout_basic
D:2:      layout_loops_ring, hangedman_glass_teeth, minmay_misc_feat_plants
D:3:      layout_loops_corners, nicolae_overflow_two_pavilions
D:4:      layout_cave_pools, minmay_ruined_shrine

Skill      XL: |  1  2  3  4 |
---------------+-------------+-----
Long Blades    | 3 4 |  4.5
Armour         | 4 |  4.7
Fighting       | 4 |  4.2
Dodging        | 1 |  1.1
Shields        | 4 |  4.2

Action                   |  1- 3 |  4- 6 || total
-------------------------+-------+-------++-------
Melee: Long sword        |   116 |    62 ||   178
       Headbutt          |    12 |     6 ||    18
  Use: Potion            |       |     1 ||     1
Armor: Scale mail        |    80 |     5 ||    85
       Plate armour      |       |    32 ||    32
Dodge: Dodged            |    73 |    18 ||    91
Block: Buckler           |    29 |    13 ||    42
